Map: Ruins of Endion

Players

Seigifried - Winner!

  • Race: Protoss Protoss
  • League: Master

Miszu

  • Race: Zerg Zerg
  • League: Master

VOD

Have the link to the VOD?

Description

Time

  • Played on: June 28, 2016, 7:31 a.m.
  • Length: 11:04
Show
View Real Time Build Order
Export as new Build Order

Seigifried Protoss - Winner!

Build Orders: 1 Gate Expand 

Get SALT Encoding   

  12  0:02  Probe (Chrono Boost)  
  13  0:12  Probe (Chrono Boost)  
  14  0:19  Pylon  
  14  0:23  Probe (Chrono Boost)  
  15  0:37  Probe (Chrono Boost)  
  15  0:40  Gateway  
  16  0:48  Probe (Chrono Boost)  
  16  0:49  Assimilator  
  17  0:58  Probe (Chrono Boost)  
  18  1:09  Probe (Chrono Boost)  
  19  1:19  Probe (Chrono Boost)  
  20  1:30  Probe (Chrono Boost)  
  21  1:35  Nexus  
  21  1:42  Cybernetics Core  
  21  1:52  Pylon  
  21  2:00  Assimilator  
  21  2:03  Probe (Chrono Boost)  
  22  2:13  Gateway, Probe (Chrono Boost)  
  23  2:20  Warp Gate  
  23  2:24  Mothership Core (Chrono Boost)  
  23  2:27  Adept  
  26  2:45  Pylon  
  26  2:47  Probe (Chrono Boost)  
  26  2:51  Probe (Chrono Boost)  
  28  2:55  Sentry  
  30  3:00  Probe (Chrono Boost)  
  30  3:01  Pylon  
  31  3:17  Probe x2 (Chrono Boost)  
  33  3:27  Probe x2 (Chrono Boost)  
  33  3:32  Gateway  
  33  3:33  Gateway  
  35  3:38  Probe x2 (Chrono Boost)  
  38  3:48  Probe (Chrono Boost)  
  38  3:53  Stargate x2  
  38  3:56  Probe (Chrono Boost)  
  39  4:07  Pylon  
  39  4:13  Probe (Chrono Boost)  
  39  4:15  Assimilator  
  40  4:17  Gateway  
  40  4:20  Pylon  
  40  4:30  Probe x2 (Chrono Boost), Assimilator  
  42  4:53  Phoenix x2 (Chrono Boost)  
  42  4:56  Probe x2  
  48  5:13  Nexus  
  48  5:16  Phoenix x2 (Chrono Boost)  
  48  5:17  Pylon x2  
  52  5:24  Probe x2  
  54  5:36  Probe x2  
  54  5:37  Phoenix x2 (Chrono Boost)  
  60  5:48  Probe  
  60  5:49  Probe  
  62  5:52  Twilight Council  
  62  5:59  Phoenix (Chrono Boost)  
  62  6:03  Phoenix (Chrono Boost)  
  66  6:06  Adept x2  
  66  6:07  Adept  
  72  6:15  Gateway  
  72  6:17  Gateway  
  72  6:19  Probe  
  73  6:29  Resonating Glaives (Chrono Boost)  
  73  6:30  Robotics Facility  
  73  6:34  Phoenix  
  75  6:41  Sentry  
  75  6:42  Adept  
  79  6:47  Adept  
  79  6:48  Adept  
  79  6:49  Probe  
  79  6:51  Sentry  
  86  6:57  Probe x2  
  89  7:01  Probe  
  89  7:09  Probe x2  
  89  7:10  Pylon  
  89  7:12  Phoenix  
  89  7:13  Phoenix, Assimilator, Probe  
  94  7:22  Observer  
  97  7:26  Probe  
  98  7:30  Robotics Bay  
  98  7:32  Pylon  
  98  7:35  Assimilator  
  98  7:40  Adept x3  
  104  7:44  Sentry  
  104  7:47  Adept x2  
  110  7:55  Adept  
  112  8:04  Adept x3  
  118  8:08  Pylon  
  118  8:13  Sentry  
  118  8:14  Adept, Sentry  
  124  8:22  Pylon  
  124  8:24  Pylon  
  124  8:26  Disruptor (Chrono Boost)  
  127  8:27  Pylon  
  115  8:42  Adept x4  
  115  8:43  Sentry x3  
  95  9:00  Phoenix  
  92  9:03  Phoenix, Disruptor (Chrono Boost)  
  92  9:05  Adept  
  92  9:06  Adept  
  92  9:09  Probe x3  
  101  9:20  Adept x2  
  105  9:31  Sentry  
  105  9:32  Adept x2  
  105  9:34  Disruptor (Chrono Boost)  
  105  9:38  Adept x2  
  118  9:40  Probe x2  
  118  9:44  Mothership Core  
  122  9:48  Adept, Sentry  
  126  9:59  Adept  
  128  10:00  Adept  
  128  10:01  Adept  
  128  10:03  Sentry, Pylon  
  128  10:05  Adept  
  136  10:13  Stalker x2  
  140  10:22  Adept  
  140  10:23  Adept  
  144  10:29  Stalker x2  
  148  10:47  Pylon  
  148  10:49  Pylon  
  141  10:52  Adept x2, Pylon  
  141  10:53  Adept x2  
  141  10:56  Adept  
  127  10:58  Adept  
  127  10:59  Adept  
Show
View Real Time Build Order
Export as new Build Order

Miszu Zerg 

Build Orders: Hatch First 

Get SALT Encoding   

  12  0:01  Drone  
  13  0:12  Overlord  
  13  0:18  Drone  
  14  0:31  Drone x2  
  16  0:39  Drone  
  17  0:53  Hatchery  
  17  0:56  Drone  
  17  1:01  Extractor  
  16  1:05  Drone  
  17  1:19  Spawning Pool  
  17  1:20  Drone  
  17  1:22  Drone  
  18  1:29  Drone  
  19  1:57  Overlord  
  19  2:06  Queen x2  
  19  2:07  Metabolic Boost  
  23  2:10  Zergling x6  
  23  2:14  Drone  
  27  2:17  Drone  
  28  2:23  Drone  
  28  2:26  Drone  
  30  2:36  Drone  
  31  2:40  Overlord  
  31  2:42  Pneumatized Carapace  
  31  2:46  Drone  
  31  2:49  Drone  
  33  2:54  Overlord  
  33  2:58  Drone  
  33  3:11  Drone x2  
  34  3:18  Drone x6  
  40  3:22  Queen  
  40  3:25  Drone  
  43  3:36  Hatchery  
  43  3:39  Drone x2  
  44  3:43  Lair  
  44  3:51  Zergling x8  
  44  3:52  Zergling x2  
  49  4:01  Extractor  
  49  4:02  Extractor  
  46  4:07  Drone x4  
  50  4:12  Drone  
  50  4:15  Baneling Nest  
  50  4:25  Overlord  
  50  4:34  Drone  
  50  4:36  Overlord  
  51  4:40  Spore Crawler  
  50  4:50  Drone x10  
  59  4:56  Spore Crawler  
  58  5:03  Hydralisk Den, Drone x3  
  60  5:11  Spore Crawler  
  60  5:12  Overlord  
  59  5:16  Drone x4  
  59  5:21  Baneling x3  
  63  5:32  Muscular Augments  
  63  5:33  Hydralisk x7  
  77  5:37  Hydralisk  
  77  5:40  Zergling x4  
  81  5:44  Extractor  
  81  5:49  Extractor  
  79  5:54  Drone x2  
  79  5:55  Extractor  
  79  5:56  Drone  
  81  5:57  Overlord x2  
  81  6:14  Centrifical Hooks  
  81  6:23  Hydralisk x4  
  81  6:25  Overlord x8  
  89  6:35  Hydralisk  
  89  6:36  Hydralisk x3  
  97  6:47  Hydralisk  
  97  6:48  Hydralisk x2  
  103  6:54  Hydralisk  
  103  6:55  Hydralisk  
  103  6:58  Drone x2  
  103  6:59  Drone x3  
  103  7:00  Drone  
  113  7:07  Zergling x8  
  117  7:10  Baneling  
  117  7:11  Baneling x7  
  117  7:17  Evolution Chamber  
  117  7:18  Hydralisk, Evolution Chamber  
  117  7:25  Zergling x10  
  117  7:26  Zergling x2  
  123  7:39  Baneling x2  
  123  7:40  Baneling x5  
  123  7:48  Zergling x22  
  123  7:49  Zergling x6  
  137  7:53  Lurker Den  
  137  8:06  Hydralisk x5  
  137  8:09  Zergling x6  
  137  8:10  Zergling x2  
  151  8:16  Zergling x6  
  137  8:37  Hydralisk  
  127  8:43  Hydralisk x2  
  127  8:44  Hydralisk x6  
  127  8:45  Zergling x2  
  121  8:53  Hydralisk  
  121  8:54  Hydralisk  
  101  8:57  Zergling x2  
  101  8:58  Zergling x6  
  91  9:05  Zerg Missile Weapons Level 1, Zerg Ground Armor Level 1  
  91  9:07  Hydralisk  
  91  9:08  Hydralisk x2  
  95  9:12  Hydralisk  
  95  9:16  Hydralisk  
  97  9:19  Hydralisk  
  97  9:20  Hydralisk  
  103  9:27  Hydralisk  
  103  9:31  Zergling x4  
  107  9:34  Baneling  
  107  9:35  Baneling x5  
  107  9:39  Hydralisk  
  107  9:42  Zergling x8, Hatchery  
  107  9:45  Zergling x6  
  114  9:55  Drone x4  
  113  10:00  Hydralisk  
  113  10:01  Hydralisk  
  113  10:03  Zergling x4  
  113  10:04  Baneling x2  
  113  10:05  Baneling  
  119  10:08  Baneling x4  
  115  10:27  Hydralisk x5  
  125  10:29  Zergling x4  
Tags
 
Add a new tag
Caveats
  • Supply blocks, unpowered buildings, or Contaminate may cause inaccurate times.
  • Supply counts are checked every 10 seconds.